AoeStats
← HeroCauldron

Black Forest

505822619Analyzed
2v2 RM · 21d ago on Sep 11, 2026· 33m 37s· 4 players
Game mode
Random Map
Map size
Medium (4 player)
Population
200
Speed
Normal
Resources
Standard
Victory
Conquest
Starting age
Dark Age
Ending age
Imperial Age
RankedLock teamsTeams togetherTeam positionsShared explorationLock speedFull tech treeHidden civsTurbo modeCheats
Victory
Defeat
🇹🇷 Mongols · Türkiye
638
+15
🇹🇷 Sicilians · Türkiye
601
+31
🇺🇸 Bulgarians · United States
622
-16
🇺🇸 Tatars · United States
616
-16
nhuksemaj70
2:04 Loom
12:37 Feudal Age
14:14 Wheelbarrow
16:49 Double-Bit Axe
16:51 Horse Collar
19:03 Fishing Lines
23:38 Castle Age
24:57 Scale Mail Armor
25:08 Forging
25:36 Squires
25:23 Gambesons
26:38 Hand Cart
28:09 Husbandry
28:21 Bloodlines
30:29 Scale Barding Armor
31:05 Arson
lilith
2:19 Loom
13:40 Feudal Age
15:18 Town Watch
20:18 Double-Bit Axe
20:53 Fletching
21:04 Padded Archer Armor
23:18 Horse Collar
23:55 Man-at-Arms
24:23 Arson
28:11 Castle Age
26:51 Scale Mail Armor
30:29 Gold Mining
33:24 Town Patrol
HeroCauldron
12:58 Feudal Age
12:36 Loom
13:30 Horse Collar
22:33 Castle Age
21:45 Double-Bit Axe
Abdusancak
1:57 Loom
12:23 Feudal Age
15:39 Double-Bit Axe
26:03 Castle Age
31:17 Crossbowman
Connection lost

Rejoining the realm…

Still unreachable

The connection could not be restored.

Session expired

The server has moved on; the page needs a fresh start.